Cogmind - Beta 16.1 @@@ ROGUE MODE // 2026.02.03 @ 00:18:49 Player: Selene Result: Destroyed by G-67 Veteran with Field Laser Performance ------------- Evolutions (6) 3000 Regions Visited (7) 1400 Robots Destroyed (79) 395 Value Destroyed (2995) 2995 Prototype IDs (13) 260 Alien Tech Used (0) 0 Bonus (1408) 1408 TOTAL SCORE: 9458 Bonus ------- High Alert Combat Kills 96 Follower Combat Kills 512 Registered with UFD 300 Met Optimus in HQ 500 Cogmind --------- Core Integrity 0/1150 Matter 285/300 Energy 99/100 System Corruption 9% Temperature Cool (0) Movement Core (50) Location -4/Factory Parts ------- > --- POWER (2) -------- (None) > --- PROPULSION (6) --- (None) > --- UTILITY (8) ------ Experimental Signal Interpreter Advanced Melee Analysis Suite Advanced Melee Analysis Suite Graphene Brace Advanced System Shield > --- WEAPON (3) ------- (None) > --- INVENTORY (5) ---- Micro Fission Core Advanced Actuator Array Mini Drone Bay (3/3) Lance Force Lance Peak State ------------ > --- POWER ------------ Micro Fission Core Micro Fission Core > --- PROPULSION ------- Field Propulsion Drive Nuclear Pulse Array Impulse Thruster Field Propulsion Array > --- UTILITY ---------- Medium Storage Unit Enhanced Optical Array Experimental Sensor Array Advanced Signal Interpreter Advanced Melee Analysis Suite Advanced Particle Accelerator Advanced Transmission Jammer Improved Propulsion Shielding > --- WEAPON ----------- Heavy Pick Lance Force Lance > --- INVENTORY -------- Nuclear Pulse Array Nanoactuators Advanced Actuator Array Advanced Force Booster Graphene Brace Advanced System Shield Mini Drone Bay Heavy Missile Launcher DRS Beacon [Rating: 120] Favorites ----------- Power Nuclear Core Engine Ion Engine Power Core Nuclear Core Propulsion Improved Titanium Leg Treads Improved Treads Leg Improved Titanium Leg Wheel Armored Huge Wheel Hover Unit Combat Airjet Flight Unit Field Propulsion Drive Utility Humpback Device Experimental Sensor Array Storage Humpback Processor Advanced Signal Interpreter Hackware Hacking Suite Protection Light Armor Plating Weapon Improved Light Cannon Energy Cannon Advanced Plasma Cannon Ballistic Gun Assault Rifle Ballistic Cannon Improved Light Cannon Launcher Heavy Missile Launcher Special Weapon Mining Laser Impact Weapon Heavy Mace Slashing Weapon Scythe Piercing Weapon Heavy Pick Build | -11 -10 -10 -7 -5 -4 -4 -4 ------- Run | Yrd Mat Sub Scr Fac Fac Was Fac Slots Evolved 12 | . . . . 10 2 . . Power 1 | . . . . 1 . . . Propulsion 4 | . . . . 3 1 . . Utility 6 | . . . . 5 1 . . Weapon 1 | . . . . 1 . . . Parts Attached 121 | 7 10 4 6 52 31 2 9 Power 11 | 1 . . 1 8 1 . . Engine 5 | 1 . . . 4 . . . Core 6 | . . . 1 4 1 . . Reactor . | . . . . . . . . Propulsion 35 | 2 3 4 1 14 8 1 2 Treads 6 | . 2 2 . 2 . . . Leg 12 | . . . . 11 1 . . Wheel 7 | 2 1 2 1 1 . . . Hover 1 | . . . . . . . 1 Flight 9 | . . . . . 7 1 1 Utility 49 | 2 3 . 1 21 14 1 7 Device 22 | 1 . . . 12 6 1 2 Storage 5 | 1 2 . 1 . 1 . . Processor 9 | . . . . 2 4 . 3 Hackware 5 | . . . . 3 1 . 1 Protection 8 | . 1 . . 4 2 . 1 Artifact . | . . . . . . . . Weapon 26 | 2 4 . 3 9 8 . . Energy Gun . | . . . . . . . . Energy Cannon 1 | . . . . 1 . . . Ballistic Gun 6 | 2 1 . . 3 . . . Ballistic Cannon 7 | . 1 . 2 3 1 . . Launcher 2 | . . . . 1 1 . . Special Weapon 1 | . 1 . . . . . . Impact Weapon 2 | . 1 . 1 . . . . Slashing Weapon 1 | . . . . . 1 . . Piercing Weapon 6 | . . . . 1 5 . . Special Melee Weapon . | . . . . . . . . Unidentified Prototypes 1 | . . . . . . 1 . Parts Lost 28 | . . 1 . 13 1 . 13 Power 4 | . . 1 . 2 . . 1 Propulsion 9 | . . . . 3 . . 6 Utility 12 | . . . . 6 1 . 5 Weapon 3 | . . . . 2 . . 1 Highest Loss Streak 13 | . . 1 . 2 1 . 13 To Critical Strikes 1 | . . . . 1 . . . Average Backups 20 | 2 15 23 26 18 7 8 7 Power . | . . . . . . . . Propulsion 5 | 1 5 8 7 5 1 1 . Utility 9 | 1 3 6 12 7 3 5 5 Weapon 5 | . 5 8 6 4 1 1 1 Tool/Special . | . . . . . . . . Unused Backups 59 | . 3 2 32 17 3 . 2 Power 3 | . 1 . 1 . 1 . . Propulsion 13 | . . 1 7 5 . . . Utility 23 | . . 1 12 6 2 . 2 Weapon 16 | . 1 . 11 4 . . . Tool/Special 4 | . 1 . 1 2 . . . Average Slot Usage (%) 81 | . 100 99 72 90 89 89 82 Engine 2 | . 14 13 . 3 . . . Core 9 | . . . 13 5 10 10 8 Treads 3 | . 22 12 . . . . . Leg 4 | . . . . 20 1 . . Wheel 9 | . 5 15 14 3 . . . Flight 2 | . . . . . 19 21 18 Device 6 | . 8 9 . 16 10 10 10 Storage 10 | . 14 14 13 5 3 5 4 Processor 3 | . . . . 5 15 15 15 Hackware 1 | . . . . 4 6 . . Protection 4 | . 5 4 3 4 3 10 8 Ballistic Gun 3 | . 19 6 . 3 . . . Ballistic Cannon 7 | . 8 14 11 2 1 . . Impact Weapon 8 | . . 7 14 2 . . . Piercing Weapon 2 | . . . . 1 9 15 12 Peak Build Rating 120 | 8 13 15 34 89 115 120 119 Average Rating 45 | 6 11 14 26 77 106 113 108 On Entrance 47 | 1 8 13 13 34 82 115 115 Avg Prop Armor Cover (%) 9 | . 8 11 . 9 4 . 9 Naked Turns . | . . . . . . . . Heaviest Build 218 | 15 94 95 218 133 60 44 44 Greatest Support 103 | 20 43 46 28 103 86 45 47 Greatest Overweight (x) 9 | . 9 9 7 4 1 1 . Average Overweight (x) 2 | . 2 6 5 1 . . . Largest Inventory Capacity 35 | 8 25 25 35 35 15 10 10 Average Capacity 24 | 7 16 25 32 20 8 10 9 Most Carried 35 | 5 24 25 35 35 15 10 10 Average Carried 22 | 3 15 24 28 20 8 9 9 Final Capacity 35 | 8 25 25 35 15 10 10 5 Final Carried 35 | 5 24 25 35 15 10 10 5 Class Distribution -------------------- 40% | Mutant 38% | Hauler-Mutant 5% | Scavenger-Mutant 5% | Scientist-Sprinter 3% | Ninja Dominant Class ---------------- Mutant | -10/Materials Mutant | -10/Subcaves Hauler-Mutant | -7/Scraptown Mutant | -5/Factory Ninja | -4/Factory Ninja | -4/Waste Scientist-Sprinter | -4/Factory Resources | -11 -10 -10 -7 -5 -4 -4 -4 ----------- Run | Yrd Mat Sub Scr Fac Fac Was Fac Matter Collected 3668 | 300 422 16 500 1742 527 66 95 Remotely . | . . . . . . . . Salvage Created 3243 | 46 480 61 . 1551 431 . 674 Parts 164 | 9 24 4 . 74 23 . 30 Haulers Intercepted 5 | . 1 . . . 2 . 2 Recyclers Shooed 6 | 1 1 . . 3 1 . . Parts Field Recycled . | . . . . . . . . Retrieved Matter . | . . . . . . . . Parts Self-Destructed 4 | . . 4 . . . . . Prevented . | . . . . . . . . Parts Restored . | . . . . . . . . Kills | -11 -10 -10 -7 -5 -4 -4 -4 ------- Run | Yrd Mat Sub Scr Fac Fac Was Fac Combat Hostiles Destroyed 50 | . 12 2 . 27 4 . 5 Melee 9 | . . . . 2 4 . 3 Guns 16 | . 9 . . 7 . . . Cannons 17 | . 3 2 . 12 . . . AOE 6 | . . . . 4 . . 2 Classes Destroyed 13 | 1 6 . . 6 . . . Worker 1 | . . . . 1 . . . Builder 3 | . . . . 3 . . . Tunneler 6 | 2 . . . 1 3 . . Hauler 5 | . 1 . . . 2 . 2 Recycler 5 | . 1 . . 2 . . 2 Operator 5 | . . . . 2 . . 3 Watcher 4 | . 1 . . 2 . . 1 Swarmer 12 | . 4 . . 6 . . 2 Grunt 10 | . 6 . . 4 . . . Sentry 4 | . . . . 3 . . 1 Hunter 3 | . . . . 3 . . . Programmer 17 | . . . . 11 4 . 2 Subdweller 4 | . 2 2 . . . . . Best Kill Streak 5 | 1 3 1 . 5 2 . 3 Combat Bots Only 5 | . 3 1 . 5 2 . 2 Max Kills in Single Turn 2 | 1 1 1 . 2 1 . 2 Gunslinging . | . . . . . . . . Exploded 2 | . . . . 2 . . 2 Melee 1 | . . . . 1 1 . 1 Uniques/NPCs Destroyed . | . . . . . . . . Combat | -11 -10 -10 -7 -5 -4 -4 -4 -------- Run | Yrd Mat Sub Scr Fac Fac Was Fac Hostile Shots Fired 687 | . 76 15 . 243 26 . 327 Missed 296 | . 19 3 . 79 14 . 181 Hits 391 | . 57 12 . 164 12 . 146 Projectile 391 | . 57 12 . 164 12 . 146 AOE 3 | . . . . . . . 3 Critical Strikes 22 | . . . . 13 1 . 8 Actively Blocked 6 | . . . . . . . 6 Damage Taken 6812 | . 593 319 . 3037 246 . 2617 Core 1740 | . 90 81 . 408 21 . 1140 Absorbed by Shields 415 | . . . . 415 . . . Redirected to Shielding 109 | . . . . . . . 109 Ignored by Resistances 16 | . . . . 16 . . . Regen/Repaired (Parts) 199 | . . . . 142 40 17 . Core Remaining (%) 63 | 100 . . 31 59 . . . Volleys Fired 189 | 5 56 10 . 113 4 . 1 Largest 2 | 2 2 2 . 2 1 . 1 Hottest 145 | 40 100 53 . 145 98 . 39 Shots Fired 315 | 10 110 17 . 173 4 . 1 Gun 173 | 10 92 7 . 64 . . . Cannon 136 | . 17 10 . 105 4 . . Launcher 5 | . . . . 4 . . 1 Special 1 | . 1 . . . . . . Kinetic 267 | 10 109 17 . 131 . . . Thermal 43 | . 1 . . 38 4 . . Explosive 5 | . . . . 4 . . 1 Electromagnetic . | . . . . . . . . Robot Hit Streak 9 | 5 9 3 . 7 . . . Robot Miss Streak 3 | 1 3 2 . 3 . . . Penetration Max 1 | . . . . 1 . . . Secondary Targets 4 | . . . . 4 . . . Max Gunslinging Chain 1 | . . . . 1 . . . Shots Hit Robots 242 | 7 64 11 . 120 22 . 18 Core Hits 107 | 2 25 5 . 53 9 . 13 Critical Kills 3 | . . . . 3 . . . Critical Parts Destroyed 1 | . 1 . . . . . . Critical Strikes 17 | . 1 . . 10 2 . 4 Meltdown 2 | . . . . 2 . . . Destroy 2 | . 1 . . 1 . . . Blast 7 | . . . . 7 . . . Impale 6 | . . . . . 2 . 4 Melee Attacks 155 | . 1 1 . 27 54 . 72 Impact 8 | . 1 1 . 6 . . . Slashing . | . . . . . . . . Piercing 147 | . . . . 21 54 . 72 Sneak Attacks 17 | . . . . 4 7 . 6 Combat Hostiles . | . . . . . . . . Follow-up Attacks 9 | . . . . . 6 . 3 Damage Inflicted 8629 | 101 915 193 . 4690 1114 . 1616 Guns 1958 | 101 720 55 . 1082 . . . Cannons 2705 | . 192 138 . 2375 . . . Explosions 928 | . . . . 633 . . 295 Melee 3035 | . . . . 600 1114 . 1321 Ramming 3 | . 3 . . . . . . Kinetic 3961 | 101 912 193 . 2755 . . . Thermal 851 | . . . . 851 . . . Explosive 779 | . . . . 484 . . 295 Electromagnetic . | . . . . . . . . Impact 233 | . . . . 233 . . . Slashing . | . . . . . . . . Piercing 2802 | . . . . 367 1114 . 1321 Highest Corruption 23 | . . . . 23 2 2 9 Average Corruption 10 | . . . . 14 1 2 3 Corruption Purged 3 | . . . . . . . 3 Corruption Blocked . | . . . . . . . . Effects 102 | . . . . 84 5 4 9 Message Errors 20 | . . . . 14 1 1 4 Matter Fused 24 | . . . . 20 . 1 3 Heat Flow Errors 9 | . . . . 7 1 1 . Energy Discharges 12 | . . . . 10 1 . 1 Parts Rejected 2 | . . . . 2 . . . Parts Fused 1 | . . . . 1 . . . Data Loss (minor) 12 | . . . . 11 . 1 . Data Loss (major) 8 | . . . . 5 2 . 1 Misfires 7 | . . . . 7 . . . Alerts 3 | . . . . 3 . . . Misdirections 1 | . . . . 1 . . . Weapon Failures 3 | . . . . 3 . . . Overload Shots . | . . . . . . . . Overflow Damage 658 | . 10 . . 299 89 . 260 Projectiles 180 | . 10 . . 170 . . . Explosions 107 | . . . . 107 . . . Melee 371 | . . . . 22 89 . 260 Knockbacks 17 | . 2 . . 15 . . . Impact 2 | . . . . 2 . . . Kinetic 14 | . 2 . . 12 . . . Secondary 1 | . . . . 1 . . . Self-Inflicted Damage 217 | . . . . 217 . . . Shots 3 | . . . . 3 . . . Rammed 1 | . 1 . . . . . . Targets Rammed 1 | . 1 . . . . . . Kicked . | . . . . . . . . Crushed . | . . . . . . . . Highest Temperature 200 | . 3 . . 196 200 109 20 Average Temperature 21 | . 3 . . 41 49 14 2 Received Heat Transfer 556 | . 186 99 . 175 . . 96 Siege Activations . | . . . . . . . . Martial Activations . | . . . . . . . . Shielding Activations . | . . . . . . . . Robots Disrupted . | . . . . . . . . Combat Hostiles . | . . . . . . . . Robots Corrupted 1 | . . . . 1 . . . Combat Hostiles . | . . . . . . . . Parts Fried 1 | . . . . 1 . . . Impact Corruptions 1 | . . . . 1 . . . Robots Melted 2 | . . . . 2 . . . Combat Hostiles 2 | . . . . 2 . . . Parts Melted 8 | . . . . 8 . . . Heat Transferred 1150 | . . . . 1150 . . . Parts Sabotaged . | . . . . . . . . Parts Stolen . | . . . . . . . . Parts Stripped . | . . . . . . . . Power Chain Reactions . | . . . . . . . . Alert | -11 -10 -10 -7 -5 -4 -4 -4 ------- Run | Yrd Mat Sub Scr Fac Fac Was Fac Maximum Alert Level 3 | . . . . 2 1 . 3 Low Security (%) 77 | 100 100 . . 82 85 100 5 Level 1 7 | . . . . 2 14 . 31 Level 2 13 | . . . . 14 . . 53 Level 3 1 | . . . . . . . 10 Level 4 . | . . . . . . . . Level 5 . | . . . . . . . . High Security . | . . . . . . . . Max Security . | . . . . . . . . Peak Influence 792 | 5 112 . . 512 245 57 792 Initial 245 | . . . . . 245 57 . Average 153 | 1 26 . . 144 178 22 435 Influence Increases 3436 | 10 382 . . 1232 278 60 1474 Destroy 0b10 Robot/C 1460 | . 200 . . 660 80 . 520 Destroy 0b10 Robot/NC 165 | 10 15 . . 55 25 . 60 Destroy Leader 298 | . 34 . . 154 24 . 86 Allied During Kill 112 | . . . . 18 . . 94 Successful Hack 155 | . 39 . . 50 34 . 32 Disable Machine 195 | . . . . 60 60 . 75 Destroy Structure 496 | . 4 . . 190 40 60 202 Partial Spotted 45 | . . . . . . . 45 Lose Combat Pursuer 510 | . 90 . . 45 15 . 360 Influence Decreases 2674 | 10 382 . . 730 617 223 712 Entered New Map 363 | . . . . . 257 106 . Time Decay 1781 | 10 382 . . 580 350 97 362 Lost Part 270 | . . . . 130 10 . 130 Lost Ally 260 | . . . . 20 . 20 220 Squads Dispatched 26 | . 1 . . 12 4 . 9 Investigation 8 | . 1 . . 5 . . 2 Extermination 12 | . . . . 6 3 . 3 Reinforcement 6 | . . . . 1 1 . 4 Assault . | . . . . . . . . Garrison . | . . . . . . . . Intercept . | . . . . . . . . Searches Triggered . | . . . . . . . . Construction Impeded 2 | . . . . 1 . . 1 Haulers Reinforced 1 | . . . . . 1 . . Active Scanning Responses . | . . . . . . . . Cargo Convoy Interrupts . | . . . . . . . . Stealth | -11 -10 -10 -7 -5 -4 -4 -4 --------- Run | Yrd Mat Sub Scr Fac Fac Was Fac Distress Signals 5 | . 1 . . 1 . . 3 Communications Jammed 38 | . . . . . . . 38 Distress Signals 38 | . . . . . . . 38 Times Spotted 141 | . 26 4 . 41 8 4 58 Peak Tracking Total 21 | . 5 2 . 7 2 4 21 Tactical Retreats 17 | . 4 . . 3 1 1 8 Traps | -11 -10 -10 -7 -5 -4 -4 -4 ------- Run | Yrd Mat Sub Scr Fac Fac Was Fac Traps Triggered 7 | . 1 . . 4 1 . 1 Indirectly . | . . . . . . . . Trap Hack Attempts . | . . . . . . . . Triggered . | . . . . . . . . Disarmed . | . . . . . . . . Reprogrammed . | . . . . . . . . Reused . | . . . . . . . . Traps Extracted . | . . . . . . . . Installed . | . . . . . . . . Triggered . | . . . . . . . . Machines | -11 -10 -10 -7 -5 -4 -4 -4 ---------- Run | Yrd Mat Sub Scr Fac Fac Was Fac Machines Disabled 13 | . . . . 4 4 . 5 Max in Single Turn 2 | . . . . 2 1 . 1 Garrison Access 1 | . . . . . 1 . . Machines Repaired . | . . . . . . . . Machines Dismantled . | . . . . . . . . Machines Sabotaged . | . . . . . . . . Overloaded Fab Kills . | . . . . . . . . Hacking | -11 -10 -10 -7 -5 -4 -4 -4 --------- Run | Yrd Mat Sub Scr Fac Fac Was Fac Machines Accessed 48 | . 7 . 2 13 11 . 15 Terminals 27 | . 6 . . 6 5 . 10 Fabricators 3 | . . . . 1 1 . 1 Repair Stations 3 | . . . . 1 2 . . Recycling Units 6 | . 1 . . 3 . . 2 Scanalyzers 4 | . . . . 1 1 . 2 Garrison Access 3 | . . . . 1 2 . . Total Hacks 136 | . 24 . 8 39 25 . 40 Successful 74 | . 14 . 8 23 15 . 14 Failed 60 | . 10 . . 15 9 . 26 Catastrophic 8 | . . . . 2 2 . 4 Database Lockouts 2 | . . . . 1 1 . . Manual 65 | . 16 . . 21 6 . 22 Terminals 79 | . 22 . . 17 12 . 28 Fabricators 8 | . . . . 4 2 . 2 Repair Stations 6 | . . . . 1 5 . . Recycling Units 14 | . 2 . . 6 . . 6 Scanalyzers 17 | . . . . 9 4 . 4 Garrison Access 4 | . . . . 2 2 . . Terminal Hacks 24 | . 7 . 8 3 2 . 4 Record 1 | . . . 1 . . . . Robot Analysis 9 | . 2 . 7 . . . . Prototype ID Bank 2 | . 1 . . . . . 1 Level Access Points 1 | . . . . . 1 . . Branch Access Points 1 | . . . . . . . 1 Terminal Index 3 | . 1 . . 1 . . 1 Locate Traps 5 | . 1 . . 2 1 . 1 Hauler Manifests 1 | . 1 . . . . . . Zone Layout 1 | . 1 . . . . . . Fabricator Hacks 3 | . . . . 1 1 . 1 Network Status 3 | . . . . 1 1 . 1 Repair Station Hacks 4 | . . . . . 4 . . Scan Component 2 | . . . . . 2 . . Repair 2 | . . . . . 2 . . Recycling Unit Hacks 1 | . . . . . . . 1 Retrieve Components 1 | . . . . . . . 1 Scanalyzer 11 | . . . . 7 3 . 1 Insert Component 3 | . . . . 2 1 . . Analyze 3 | . . . . 2 1 . . Retrieve Study 5 | . . . . 3 1 . 1 Garrison Access Hacks 1 | . . . . . 1 . . Seal Access 1 | . . . . . 1 . . Unauthorized Hacks 30 | . 7 . . 12 4 . 7 Terminals 21 | . 7 . . 5 4 . 5 Assimilate 1 | . . . . . 1 . . Botnet 11 | . 1 . . 3 3 . 4 Disrupt 1 | . . . . . . . 1 Operators 2 | . 1 . . 1 . . . Skim 6 | . 5 . . 1 . . . Fabricators 4 | . . . . 3 . . 1 Report 1 | . . . . 1 . . . Liberate 1 | . . . . 1 . . . Haulers 2 | . . . . 1 . . 1 Repair Stations 1 | . . . . 1 . . . Patch 1 | . . . . 1 . . . Recycling Units 4 | . . . . 3 . . 1 Fedlink 4 | . . . . 3 . . 1 Scanalyzers . | . . . . . . . . Garrison Access . | . . . . . . . . Data Cores Recovered 3 | . . . . 1 . . 2 Used 1 | . . . . . . . 1 Hacking Detections 43 | . 7 . . 11 10 . 15 Full Trace Events 2 | . . . . 1 . . 1 Feedback Events 1 | . . . . . . . 1 Corruption 1 | . . . . . . . 1 Feedback Blocked . | . . . . . . . . Robot Schematics Acquired . | . . . . . . . . Robots Built . | . . . . . . . . Authchips . | . . . . . . . . Time . | . . . . . . . . Total Robot Build Rating . | . . . . . . . . Part Schematics Acquired 2 | . . . . 1 1 . . Parts Built . | . . . . . . . . Authchips . | . . . . . . . . Time . | . . . . . . . . Total Part Build Rating . | . . . . . . . . Part Studies Acquired 5 | . . . . 3 1 . 1 Parts Repaired 2 | . . . . . 2 . . Time 82 | . . . . . 82 . . Parts Recycled . | . . . . . . . . Recycled Matter . | . . . . . . . . Retrieved Matter . | . . . . . . . . Retrieved Components . | . . . . . . . . Parts Scanalyzed 3 | . . . . 2 1 . . Part Schematics Acquired 2 | . . . . 1 1 . . Parts Damaged . | . . . . . . . . Bothacking | -11 -10 -10 -7 -5 -4 -4 -4 ------------ Run | Yrd Mat Sub Scr Fac Fac Was Fac Used RIF Installer . | . . . . . . . . Robots Hacked . | . . . . . . . . Non-combat . | . . . . . . . . Combat . | . . . . . . . . Robot Hacks Applied . | . . . . . . . . Relay Couplers Released . | . . . . . . . . Fabnet Peak Effective % . | . . . . . . . . Robots Rewired . | . . . . . . . . Allies Hacked 2 | . . . . . . . 2 Hacks Repelled . | . . . . . . . . Allies | -11 -10 -10 -7 -5 -4 -4 -4 -------- Run | Yrd Mat Sub Scr Fac Fac Was Fac Total Allies 21 | . . . 1 . . 20 . Largest Group 19 | . . . 1 1 . 19 16 Highest-Rated Group 702 | . . . 63 63 . 702 627 Highest-Rated Ally 63 | . . . 63 63 . 50 50 Initial UFD Resources 57 | . . . . 37 57 57 57 Total Orders 3 | . . . 3 . . . . STAY 2 | . . . 2 . . . . FOLLOW 1 | . . . 1 . . . . Ally Attacks 257 | . . . . 38 . 97 122 Total Damage 8364 | . . . . 962 . 3534 3868 Kills 44 | . . . . 6 . 9 29 Allies Corrupted 1 | . . . . 1 . . . Allies Melted . | . . . . . . . . Intel | -11 -10 -10 -7 -5 -4 -4 -4 ------- Run | Yrd Mat Sub Scr Fac Fac Was Fac Active Infowar (turns) 5640 | 39 854 350 . 2578 784 223 812 Optics 1194 | . . . . 78 784 223 109 Sensors 4197 | . . . . 2578 651 223 745 Terrain 5 | . . . . . 5 . . Seismic 1243 | 39 854 350 . . . . . Jamming 1507 | . . . . 5 526 223 753 Robot Analysis Total 9 | . 2 . 7 . . . . Derelict Logs Recovered 3 | . . . 3 . . . . Drone Launches . | . . . . . . . . Drone Recoveries . | . . . . . . . . Exploration | -11 -10 -10 -7 -5 -4 -4 -4 ------------- Run | Yrd Mat Sub Scr Fac Fac Was Fac Turns Passed 13403 | 85 1469 519 6721 2771 784 223 831 Spaces Moved 9461 | 72 552 243 3520 1521 1443 320 1790 Core 79 | 7 . . . . . . 72 Treads 418 | . 405 13 . . . . . Legs 1026 | . . . . 980 46 . . Wheels 4503 | 65 147 230 3520 541 . . . Hover 22 | . . . . . . . 22 Flight 3413 | . . . . . 1397 320 1696 Fastest Speed 30 | 50 80 140 100 105 30 32 32 Average Speed 119 | 77 169 189 185 136 35 32 33 Slowest Speed 320 | 80 320 320 205 200 126 112 80 Overloaded Moves . | . . . . . . . . Propulsion Burnouts . | . . . . . . . . Robots Hopped 33 | . . . . . 9 . 24 Potential Cave-ins 2 | . . . . 2 . . . Cave-ins Triggered . | . . . . . . . . Exploration Rate (%) 48 | 4 88 16 90 32 25 95 36 Regions Visited 7 Branch Regions 2 Pre-discovered Areas 2 | . . . 1 1 . . . Known Exits Taken 1 | . . . . 1 . . . Unknown Exits Taken 4 | 1 1 1 1 . . . . Scrap Searched 10 | . . . 10 . . . . Spaces Dug 64 | . 2 . . 14 19 . 29 Terrain Destroyed 176 | . 2 . . 112 21 . 41 Melee 59 | . 1 . . 12 17 . 29 Projectile 39 | . 1 . . 34 4 . . AOE 78 | . . . . 66 . . 12 Terrain Rammed . | . . . . . . . . Walls Destroyed . | . . . . . . . . Machines Disabled . | . . . . . . . . Actions | -11 -10 -10 -7 -5 -4 -4 -4 --------- Run | Yrd Mat Sub Scr Fac Fac Was Fac Total 11042 | 87 969 277 3756 2005 1624 440 1884 Wait 679 | . 314 4 32 153 34 105 37 Move 9401 | 71 551 242 3519 1520 1426 319 1753 Hop 21 | . . . . . 8 . 13 Pick Up 208 | 4 25 4 112 40 21 1 1 Fast Attach 55 | 7 1 . 3 24 11 5 4 Attach 53 | . . . 1 36 13 1 2 Detach 29 | . 1 . . 15 9 1 3 Swap 85 | . 11 12 2 29 24 1 6 Drop 190 | . 8 4 87 48 32 7 4 Fire 189 | 5 56 10 . 113 4 . 1 Melee 116 | . 1 1 . 27 42 . 45 Ram . | . . . . . . . . Kick . | . . . . . . . . Crush 1 | . 1 . . . . . . Escape Stasis 15 | . . . . . . . 15 Rewire . | . . . . . . . . Trap . | . . . . . . . . Miscellaneous . | . . . . . . . . Route ------- -11/Scrapyard -10/Materials (discovered 5 exits: *Mat x3 / [*Min] / [*Sub]) -10/Subcaves (discovered 2 exits: Mat / *Scr) -7/Scraptown (discovered 2 exits: *Fac x2) -5/Factory (discovered 2 exits: *Fac x2) -4/Factory (discovered 4 exits: Res x4) -4/Waste -4/Factory (discovered 4 exits: *Res / *Upp x2 / Arm) History --------- Turn | Location | Event 7 | -11/Scrapyard | Discovered new exit (range 15) 86 | -11/Scrapyard | Entered Materials 258 | -10/Materials | Discovered new exit (range 9) 312 | -10/Materials | Build established: Mutant 576 | -10/Materials | Discovered new exit (range 11) 786 | -10/Materials | Derelicts attacked the area 885 | -10/Materials | Discovered new exit (range 8) 1174 | -10/Materials | Identified exit to Materials 1247 | -10/Materials | Learned 4 Recycling zone layouts 1296 | -10/Materials | Discovered new exit (range 6) 1312 | -10/Materials | Learned 2 Storage zone layouts 1365 | -10/Materials | Learned 4 Recycling zone layouts 1407 | -10/Materials | Loaded intel: 12 trap records 1437 | -10/Materials | Learned Storage trap positions 1476 | -10/Materials | Learned Materials trap positions 1527 | -10/Materials | Learned Materials trap positions 1555 | -10/Materials | Entered Subcaves 1556 | -10/Subcaves | Approached by a straggling Scientist 1556 | -10/Subcaves | Identified exit to Materials 1646 | -10/Subcaves | Scientist uncovered a shortcut to Scraptown 1666 | -10/Subcaves | A swath of the cavern ceiling suddenly collapsed 1967 | -10/Subcaves | Shifting Twisted Machinery released Spk. Treads 1969 | -10/Subcaves | Shifting Twisted Machinery released Sub. Shrapnel Launcher 2007 | -10/Subcaves | Core integrity fell below 50% 2025 | -10/Subcaves | A swath of the cavern ceiling suddenly collapsed 2074 | -10/Subcaves | Entered Scraptown 2335 | -7/Scraptown | Scanned Subdweller tech in exchange for log data 2338 | -7/Scraptown | Learned 12 Research zone layouts 2339 | -7/Scraptown | Learned location of 2 exits from Proximity Caves 2340 | -7/Scraptown | Learned Factory interactive machine intel 2380 | -7/Scraptown | Visited Bundlers 2461 | -7/Scraptown | Visited CR-KLE's Repair Center 2479 | -7/Scraptown | Visited SPCMW 2757 | -7/Scraptown | Visited Fellowship of the Rings 2771 | -7/Scraptown | Visited Spacefarers 3064 | -7/Scraptown | Discovered new exit (range 11) 3150 | -7/Scraptown | Visited IN-MT5's Study 3196 | -7/Scraptown | Visited UFD Registry 3196 | -7/Scraptown | Registered with UFD as "Hellslider" 3215 | -7/Scraptown | Visited Cyclists 3240 | -7/Scraptown | Entered Cyclist Reading Room 3383 | -7/Scraptown | Delivered Scrap Shield to a Scientist 3766 | -7/Scraptown | Visited Observation Area 3803 | -7/Scraptown | Visited Derelict Rescue Squad 3815 | -7/Scraptown | Found DRS Beacon 3851 | -7/Scraptown | Visited Infowarlord's Domain 3928 | -7/Scraptown | Build established: Hauler-Mutant 3948 | -7/Scraptown | Found Blink Core 3972 | -7/Scraptown | Visited Junk Repository 4025 | -7/Scraptown | Visited Modified Component R&D 4105 | -7/Scraptown | Visited Supply Room 4146 | -7/Scraptown | Visited Junk Repository 4210 | -7/Scraptown | Visited Analyses Database 4292 | -7/Scraptown | Visited Curators Association 4345 | -7/Scraptown | Visited Botcube Research 4355 | -7/Scraptown | Found Botcube 4483 | -7/Scraptown | Found Exp. Sensor Array 5942 | -7/Scraptown | Found Scrap Suit 7554 | -7/Scraptown | Botcube activated 7576 | -7/Scraptown | Botcube completed mutation into treaded form, armed with 2 guns. 8688 | -7/Scraptown | Met Optimus 8688 | -7/Scraptown | Accepted into 0bPrime 8790 | -7/Scraptown | Discovered new exit (range 3) 8795 | -7/Scraptown | Entered Factory 8795 | -5/Factory | Accompanied by 1 ally 8795 | -5/Factory | Evolved 10 slots: Power x1, Propulsion x3, Utility x5, Weapon x1 8796 | -5/Factory | Loaded intel: 55 interactive machine locations 8914 | -5/Factory | Loaded intel: 8 recycling unit locations 9221 | -5/Factory | Found Botcube 9393 | -5/Factory | Build established: Scavenger-Mutant 9706 | -5/Factory | Discovered new exit (range 9) 9832 | -5/Factory | System corruption reached 10% 10177 | -5/Factory | Build established: Mutant 11029 | -5/Factory | Central database locked down 11372 | -5/Factory | Discovered new exit (range 8) 11380 | -5/Factory | Identified exit to Factory 11494 | -5/Factory | Learned location of Protoforge (-2) 11566 | -5/Factory | Entered another Factory area 11566 | -4/Factory | Evolved 2 slots: Propulsion x1, Utility x1 11760 | -4/Factory | Repaired Exp. Sensor Array? 12150 | -4/Factory | Central database locked down 12171 | -4/Factory | Repaired Field Propulsion Drive+ 12251 | -4/Factory | Identified exit to Research 12350 | -4/Factory | Manually triggered Chute Trap 12350 | -4/Factory | Sucked down chute 12350 | -4/Factory | Entered Waste 12351 | -4/Waste | Met a frightened Derelict 12354 | -4/Waste | Spotted C-40 Crusher 12363 | -4/Waste | Spotted C-40 Crusher 12383 | -4/Waste | Spotted C-40 Crusher 12385 | -4/Waste | Spotted C-40 Crusher 12415 | -4/Waste | Spotted C-40 Crusher 12422 | -4/Waste | Warlord forces began an assault 12427 | -4/Waste | Allies destroyed C-40 Crusher 12455 | -4/Waste | Allies destroyed C-40 Crusher 12458 | -4/Waste | Allies destroyed C-40 Crusher 12460 | -4/Waste | Spotted C-40 Crusher 12463 | -4/Waste | Allies destroyed C-40 Crusher 12469 | -4/Waste | Allies destroyed C-40 Crusher 12470 | -4/Waste | Allies destroyed C-40 Crusher 12498 | -4/Waste | Lost 3 allies 12534 | -4/Waste | Found Adv. Force Booster 12541 | -4/Waste | Discovered new exit (range 10) 12545 | -4/Waste | Found Prototype Device 12545 | -4/Waste | Identified Adv. Particle Accelerator 12550 | -4/Waste | Identified exit to Factory 12573 | -4/Waste | Entered Factory 12573 | -4/Factory | Accompanied by 16 allies 12640 | -4/Factory | Found Exp. Signal Interpreter 12683 | -4/Factory | Discovered new exit (range 9) 12686 | -4/Factory | Identified exit to Upper Caves 12879 | -4/Factory | Build established: Scientist-Sprinter 13061 | -4/Factory | Identified exit to Armory 13067 | -4/Factory | Discovered exit to Research (range 7) 13188 | -4/Factory | Loaded intel: 8 recycling unit locations 13355 | -4/Factory | Core integrity fell below 50% 13373 | -4/Factory | Core integrity fell below 20% 13404 | -4/Factory | Destroyed by G-67 Veteran with Field Laser Last Messages --------------- 13355_ Slug penetrates Wall. 13355_ Penetrated by Slug. 13355_ Slug penetrates Wall. 13357_ Door malfunctions. 13362_ Slug penetrates Wall. 13366_ Cmb. Airjet destroyed. 13366_ Dropped Med. Storage Unit. 13367_ Slug penetrates Wall. 13367_ Penetrated by Slug. 13367_ S-27 Virus destroyed. 13367_ Acquired Adv. System Shield. 13369_ Penetrated by Slug. 13369_ Slug penetrates Wall. 13370_ Slug penetrates W-44 Eye. 13370_ Slug penetrates Wall. 13379_ System corrupted: Matter fused (-6). 13385_ Enh. Optical Array destroyed. 13396_ Adv. Transmission Jammer destroyed. 13401_ System corrupted: Substantial component data lost. Map ----- +----------------------------------------------------+ | # """" """" # #?????????? | | # """" """" # #?????????? | | # """" """" # #?????????? | | # #A ####+###############????????? | | # ! # # #????????? | | # # # #????????? | | # = # # #????????? | | # %= # # #????????? | | # =% " # # """ """ """ """ #????????? | | # ! # # """ """ """ """ #????????? | | #### /## #A""" """ """ """ #????????? | | ????# # ## + % #????????? | | ?????###### ## ################################### | | ??????????# ##%#?????# # ] #??# | | ??????????# ##/####### % # #??# | | ??????????# ## # # #??# | | ??????????# / # # ]#??# | | ??????????#### # ###+#######??# | | ?????????????# # #?# #????????# | | ?????????????# ###+###### #????????# | | ?????????????# "" # ########## | | ?????????????# """ # + | | ?????????????# """ # ##################+# | | ?????????????# "" # g #???############## | | ?????????????# "" # s #???# # | | ??????########! # g @ #?### # | | ??????# #######+##ggp #?# / / | | ##????# p ### # # | | #"##### " k p # # | | = # k ############## | | # #######/## #????????????# | | ]]] " ### #### ? ## ###??????????# | | ]]] T #?# #??# """ ## #??????????# | | ]] " #?# #??# """ ## #??????????# | | #?# #??? """ + t ?????????# | | ##/####?# #??? ## #??????????# | | #?## ##??? ## #?????????## | | ### #??? !! ######### #?????????# | | !#???? !! ????????# #?######### | | ### #???? ! ????????# ### | | #?#####????? ?????????# | | ## ###??????????? ??######## | | ?#%#??????########+#??# """" | | ## ##?##### # #### """" | | # ### # """ # """" !! #######! | | " + """ + !! # # | | # ### # """ # ^ # """ + | | ######## ## ###### # """ # | | = ## ## """ #????# = # """ # | | ## ## """ #????###########" F"###### ?# | +----------------------------------------------------+ Best States ------------- Heat Dissipation 94 Energy Generation 36 Energy Capacity 365 Matter Stores 300 Matter Capacity 300 Sight Range 22 Robot Scan Range 20 Terrain Scan Range 16 Terrain Scan Density 210 Jamming Range 16 Power Amplification 20 Armor Coverage 375 Resistance: TH 15 Propulsion Shielding 66 Melee Speed Boost 30 Phase Shifting 5 Evasion (%) 75 Melee Accuracy 16 Recoil Reduction 6 Offensive Hacking 20 Defensive Hacking 14 Item Schematics ----------------- CPS Tube | -5/Factory | Scanalyzed Mni. Drone Bay | -4/Factory | Scanalyzed Robot Schematics ------------------ None Fabricated ------------ Nothing Repaired ---------- Exp. Sensor Array | 37% | -4/Factory Field Propulsion Drive | 26% | -4/Factory Studied --------- Field Propulsion Drive | -5/Factory | Hacked Mic. Fission Core | -5/Factory | Hacked Nuclear Pulse Thruster | -5/Factory | Hacked Nuclear Pulse Array | -4/Factory | Hacked Field Propulsion Array | -4/Factory | Hacked Alien Tech Used ----------------- None Achievements -------------- None Challenges ------------ None Game ------ Seed StealthAmuletRocket Manual? 0 Play Time 02:17:51 Cumulative 317.9 hours Start 2026.02.02 @ 21:48:18 End 2026.02.03 @ 00:18:49 Sessions 1 Manual Loads 0 Difficulty Rogue Special Mode None Game No. 180 Rogue 176 Adventurer 4 Explorer 0 Win Type - Total 10 Types 8/0/2/0/0/0/0/0/0/0 Lore% 88 Gallery% 77 Achievement% 57 Wizard Run 0 Options --------- Layout 1 ASCII 0 Keyboard 1 Movement Numpad Keybinds 1 Fullscreen 1 Font 24/Smallcaps Map View 50x35 Zoom Use 0% Tactical HUD 1 Map Filters NONE Filters NONE Steam 1 RUN: db253517-4215-4c48-aa0e-1c127e7e5add